 Dungeon Crawl Stone Soup version 0.19-a0-1268-g6c5d9f8 (webtiles) character file.

2461 MTVSty1e the Fighter (level 9, -6/75 HPs)
             Began as a Formicid Fighter on Aug 29, 2016.
             Mangled by a tentacled starspawn (19 damage)
             ... on level 1 of the Abyss.
             The game lasted 00:25:41 (7898 turns).

MTVSty1e the Fighter (Formicid Fighter)             Turns: 7898, Time: 00:25:42

Health: -6/75      AC: 13    Str: 25    XL:     9   Next: 79%
Magic:  9/9        EV: 11    Int:  7    God:
Gold:   168        SH: 12    Dex: 10    Spells: 0 memorised, 8 levels left

rFire  + + .     SeeInvis +     l - +1 broad axe
rCold  + + .     Gourm    .     b - +0 scale mail
rNeg   . . .     Faith    .     c - +1 shield
rPois  +         Spirit   .     (helmet unavailable)
rElec  +         Dismiss  .     y - +0 cloak
rCorr  +         Reflect  .     w - +2 pair of gloves
MR     .....     Harm     .     B - +0 pair of boots
Stlth  ..........               (no amulet)
                                o - ring of protection from cold
                                u - ring of protection from fire

@: resistant
A: permanent stasis, dig shafts and tunnels, four strong arms, antennae 3
a: Dig, Shaft Self


You were on level 1 of the Abyss.
You were not hungry.

You visited 1 branch of the dungeon, and saw 7 of its levels.
You visited the Abyss 1 time.

You collected 399 gold pieces.
You spent 231 gold pieces at shops.

Inventory:

Hand Weapons
 a - a +0 war axe
 l - a +1 broad axe (weapon)
Armour
 b - a +0 scale mail (worn)
 c - a +1 shield (worn)
 w - a +2 pair of gloves (worn)
 y - a +0 cloak (worn)
 B - a +0 pair of boots (worn)
Jewellery
 g - an uncursed ring of fire
 o - a ring of protection from cold (right hand)
 u - a ring of protection from fire (left hand)
 x - an uncursed amulet of dismissal
 A - an uncursed amulet of guardian spirit
Wands
 s - a wand of confusion (21/48)
 C - a wand of lightning (1/15)
Scrolls
 e - 2 scrolls of remove curse
 h - a scroll of recharging
 i - 4 scrolls of identify
 k - a scroll of immolation
 r - a scroll of enchant weapon
 v - a scroll of fog
Potions
 d - 7 potions of curing
 m - 4 potions of lignification
 n - 2 potions of brilliance
 p - a potion of magic
 q - a potion of resistance
Comestibles
 f - 5 bread rations
 j - 2 fruits
 t - 3 meat rations


   Skills:
 * Level 8.6 Fighting
 + Level 5.5 Axes
 + Level 6.2 Armour
 + Level 4.4 Dodging
 + Level 7.2 Shields


You had 8 spell levels left.
You didn't know any spells.

Dungeon Overview and Level Annotations

Branches:
Dungeon (7/15)             Temple (0/1) D:6

Altars:
Ashenzari
Gozag
Uskayaw

Shops:
D:4 :?   D:7 [


Innate Abilities, Weirdness & Mutations

You are under a permanent stasis effect.
You can dig through walls and to a lower floor.
Your four strong arms can wield two-handed weapons with a shield.
You have a pair of large antennae on your head. (SInv)


Message History

The efreet gestures at you. The bolt of fire misses you.
You slash the tentacled starspawn!
The tentacled starspawn is moderately damaged.
You hit the efreet.
You block the tentacled starspawn's attack.
The tentacled starspawn barely misses you.
The starspawn tentacle is engulfed in roaring flames.
The efreet hits you with a scimitar of flaming.
You slice the tentacled starspawn!!
The tentacled starspawn is severely damaged.
Your scale mail prevents you from hitting the efreet.
You block the tentacled starspawn's attack.
The tentacled starspawn engulfs you!
* * * LOW HITPOINT WARNING * * *
The efreet gestures at you. The bolt of fire hits you! You resist.
* * * LOW HITPOINT WARNING * * *
The tentacled starspawn bites you!!
You die...

# #. . #.#. ## #
..#. # ## ....§
.. .. #.#§#
######.#
####..§##@.....#
. .....wXR###.##
...##.w§... .# #
#.##.#.#
#..#...## #
##.####.# # ###
.# . # #


You could see a tentacled starspawn, an efreet and 2 starspawn tentacles.

Vanquished Creatures
  A smoke demon (Abyss:1)
  A ynoxinul (Abyss:1)
  2 steam dragons (D:5)
  A water moccasin (D:6)
  An orc warrior (D:7)
  A sky beast (D:5)
  An ice beast (D:5)
  2 ogres
  A phantom (D:5)
  2 giant frogs (D:6)
  A scorpion (D:7)
  2 jellies
  A quasit (Abyss:1)
  4 crimson imps
  An orc priest (D:3)
  A giant frog skeleton (D:5)
  5 orc wizards
  7 worker ants
  3 iguanas
  2 hound skeletons (D:7)
  3 gnolls (D:2)
  10 adders
  2 oozes
  3 worms
  A dart slug (D:4)
  5 giant geckos
  20 orcs
  A ball python (D:3)
  2 giant cockroaches (D:3)
  3 goblins
  8 hobgoblins
  6 quokkas
  4 bats
  2 giant gecko skeletons
  A giant gecko zombie (D:7)
  5 giant newts
  A jackal skeleton (D:6)
  12 kobolds
  7 rats
  A bush (D:4)
  A fungus (D:5)
  A plant (D:4)
139 creatures vanquished.

Vanquished Creatures (others)
  A small abomination (Abyss:1)
  2 bushes (D:4)
3 creatures vanquished.

Grand Total: 142 creatures vanquished

Notes
Turn   | Place    | Note
-------+----------+-------------------------------------------
     0 | D:1      | MTVSty1e the Formicid Fighter began the quest for the Orb.
     0 | D:1      | Reached XP level 1. HP: 18/18 MP: 1/1
   441 | D:1      | Reached XP level 2. HP: 24/24 MP: 2/2
   958 | D:2      | Reached XP level 3. HP: 29/29 MP: 3/3
  1440 | D:2      | Reached skill level 4 in Fighting
  1440 | D:2      | Reached XP level 4. HP: 35/37 MP: 4/4
  1451 | D:2      | Reached skill level 1 in Dodging
  1896 | D:3      | Reached XP level 5. HP: 43/43 MP: 5/5
  2469 | D:3      | Reached XP level 6. HP: 43/50 MP: 6/6
  3018 | D:3      | Reached skill level 5 in Fighting
  3441 | D:4      | Noticed an ogre
  3446 | D:4      | Killed an ogre
  3478 | D:4      | Found Ziaxegeu's Magic Scroll Emporium.
  3704 | D:4      | Reached XP level 7. HP: 53/56 MP: 7/7
  3773 | D:4      | Reached skill level 5 in Shields
  3970 | D:4      | Found Oprenn's Book Boutique.
  4556 | D:5      | Entered Level 5 of the Dungeon
  4746 | D:5      | Got a crude falchion
  4754 | D:5      | Identified the +0 falchion "Quog" {holy, *Corrode Str+2 Dex+3} (You found it on level 5 of the Dungeon)
  4791 | D:5      | Reached skill level 6 in Fighting
  5134 | D:5      | Reached XP level 8. HP: 58/65 MP: 8/8
  5364 | D:5      | Reached skill level 5 in Armour
  5922 | D:5      | Reached skill level 7 in Fighting
  6027 | D:6      | Reached XP level 9. HP: 57/72 MP: 9/9
  6402 | D:6      | Found a hide-covered altar of Uskayaw.
  6407 | D:6      | Found a shattered altar of Ashenzari.
  6411 | D:6      | Found an opulent altar of Gozag.
  6497 | D:6      | Found a staircase to the Ecumenical Temple.
  6766 | D:7      | Found Uwko's Armour Emporium.
  6774 | D:7      | Bought a +2 pair of gloves for 231 gold pieces
  7024 | D:7      | Reached skill level 8 in Fighting
  7275 | D:7      | Reached skill level 5 in Axes
  7736 | D:7      | Cast into level 1 of the Abyss (big kobold)
  7844 | Abyss:1  | Noticed a smoke demon
  7886 | Abyss:1  | Noticed an efreet
  7887 | Abyss:1  | Killed a smoke demon
  7888 | Abyss:1  | Noticed a tentacled starspawn
  7898 | Abyss:1  | Mangled by a tentacled starspawn

Vault maps used:
D:1:      dpeg_arrival_radiant
D:2:      minmay_misc_feat_roman
D:3:      first_bread, minmay_unequal
D:4:      serial_shops, nicolae_shop_crystal,
          nicolae_shop_temple_entry_statues_fountains, serial_forest,
          infiniplex_forest_lined_ring, infiniplex_forest_3_way,
          infiniplex_forest_straight_3, infiniplex_forest_clump_cross,
          infiniplex_forest_clump_medium, infiniplex_forest_lined_3,
          infiniplex_forest_join, infiniplex_forest_end_2,
          infiniplex_forest_lined_room_, infiniplex_forest_side_room, hex_medium
D:5:      kennysheep_steamy
D:6:      grunt_temple_overflow_open, basic_altar
D:7:      serial_shops, nicolae_shop_waterfront

Skill      XL: |  1  2  3  4  5  6  7  8  9 |
---------------+----------------------------+-----
Shields        | 4 5 6 7 |  7.2
Fighting       | 4 5 6 7 8 |  8.6
Dodging        | 1 2 3 4 |  4.4
Armour         | 4 5 6 |  6.2
Axes           | 3 4 5 |  5.5

Action                   |  1- 3 |  4- 6 |  7- 9 || total
-------------------------+-------+-------+-------++-------
Melee: War axe           |    92 |   146 |       ||   238
       Broad axe         |       |     6 |   289 ||   295
 Abil: Dig               |       |       |     2 ||     2
  Use: Potion            |     2 |     6 |     5 ||    13
       Scroll            |       |     8 |    11 ||    19
  Eat: Pizza             |     1 |       |       ||     1
       Bread ration      |       |     1 |       ||     1
       Meat ration       |       |     1 |     2 ||     3
       Beef jerky        |       |       |     2 ||     2
       Fruit             |       |       |     1 ||     1
Armor: Scale mail        |    36 |    63 |   105 ||   204
Dodge: Dodged            |    44 |    57 |   133 ||   234
Block: Shield            |    42 |    74 |   185 ||   301
